 Dungeon Crawl Stone Soup version 0.14-b1-45-gfd36cc2 (webtiles) character file.

55919 Heini the Bludgeoner (level 14, -6/133 HPs)
             Began as a Minotaur Berserker on Apr 7, 2014.
             Was the Champion of Trog.
             Killed from afar by Margery (illusionary) (45 damage)
             ... with a fireball
             ... on Level 1 of the Depths on Apr 8, 2014.
             The game lasted 03:51:39 (24438 turns).

Heini the Bludgeoner (Minotaur Berserker)          Turns: 24438, Time: 03:51:45

HP  -6/133       AC 32     Str 26      XL: 14   Next: 34%
MP   7/7         EV 10     Int  4      God: Trog [******]
Gold 1599        SH  0     Dex 16      Spells:  0 memorised, 13 levels left

rFire  . . .     SeeInvis .     Z - +1,+5 great mace (protect)
rCold  + . .     Clarity  .     x - +4 plate armour {MR+}
rNeg   . . .     Conserve .     (no shield)
rPois  .         rCorr    .     (helmet restricted)
rElec  .         rRot     .     g - +0 cloak
SustAb . .       Spirit   .     v - +2 pair of gloves
rMut   +         Warding  .     z - +0 pair of boots
Saprov . . .     Stasis   .     F - cursed amulet of resist mutation
MR     ++...                    W - +5 ring of dexterity
                                E - ring of Rall {+Fly rC+}

@: lethally poisoned, very resistant to hostile enchantments, extremely
unstealthy
A: retaliatory headbutt, horns 2
a: Burn Spellbooks, Berserk, Trog's Hand, Brothers in Arms, Renounce Religion,
Evoke Flight


You were on level 1 of the Depths.
You worshipped Trog.
Trog was exalted by your worship.
You were not hungry.

You visited 5 branches of the dungeon, and saw 24 of its levels.
You also visited: Labyrinth.

You collected 1599 gold pieces.

Inventory:

Hand weapons
 P - a +0,+2 anti-magic great mace
 Z - a +1,+5 great mace of protection (weapon)
Missiles
 d - 13 stones (quivered)
Armour
 g - a +0 cloak (worn)
 v - a +2 pair of gloves (worn)
 x - a +4 plate armour of magic resistance (worn)
 z - a +0 pair of boots (worn)
Magical devices
 e - a wand of draining (4)
 i - a wand of enslavement (16)
 w - a wand of confusion (22)
 L - a wand of paralysis (4)
 V - a wand of frost (10)
Comestibles
 b - a rotting chunk of tengu flesh
 p - a meat ration
 H - 3 sultanas
 Q - 5 honeycombs
Scrolls
 c - a scroll of fear
 r - a scroll of teleportation
 y - a scroll of silence
 A - a scroll of fog
 N - 2 scrolls of recharging
 T - 3 scrolls of blinking
 U - 6 scrolls of remove curse
 X - a scroll of magic mapping
Jewellery
 m - an uncursed ring of positive energy {unknown}
 E - the ring of Rall (left hand) {+Fly rC+}
   (You found it in a labyrinth)

   [ring of flight]

   It protects you from cold.
 F - a cursed amulet of resist mutation (around neck)
 O - a +3 ring of protection
 W - a +5 ring of dexterity (right hand)
Potions
 a - 3 potions of agility {unknown}
 f - a potion of resistance
 j - a potion of invisibility
 k - 2 potions of heal wounds
 l - 5 potions of might {unknown}
 n - 4 potions of poison {unknown}
 o - 2 potions of porridge
 s - 5 potions of curing
 t - a potion of restore abilities {unknown}
 B - a potion of confusion {unknown}
 C - a potion of flight
 K - 2 potions of haste {unknown}
 S - a potion of strong poison {unknown}


   Skills:
 * Level 14.4 Fighting
 * Level 18.9 Maces & Flails
 + Level 0.2 Throwing
 * Level 14.0 Armour
 + Level 9.6 Dodging
 + Level 1.2 Evocations


You had 13 spell levels left.
You didn't know any spells.

Dungeon Overview and Level Annotations

Branches:
Dungeon (15/15)            Temple (1/1) D:4             Orc (4/4) D:11
   Lair (3/8) D:11         Vaults (0/5) D:14         Depths (1/5) D:15
    Elf: Orc:3-4      Swamp: Lair:3-6    Shoals: Lair:3-6     Snake: Lair:3-6
 Spider: Lair:3-6

Altars:
Ashenzari
Cheibriados
Dithmenos
Elyvilon
Fedhas
Kikubaaqudgha
Makhleb
Nemelex Xobeh
Okawaru
Sif Muna
Trog
Vehumet
Xom
Yredelemnul
Zin
The Shining One

Shops:
D:4 =   D:5 (   Orc:4 %=((:

Annotations:
Depths:1 Margery


Innate Abilities, Weirdness & Mutations

You reflexively headbutt those who attack you in melee.
You have a pair of horns on your head.


Message History

The wizard is severely wounded.
You feel sick.
The hell knight hits you but does no damage.
The yaktaur shoots a bolt of flame.
The bolt of flame hits you!
The rakshasa gestures.
The rakshasa blinks!
The wizard hits you but does no damage.
A necromancer comes into view. It is wielding a dagger.
You pound the wizard like an anvil!!!
You kill the wizard!
The wizard's corpse shimmers and vanishes!
The necromancer moves out of view.
The hell knight gestures at you while chanting.
Pain shoots through your body!
* * * LOW HITPOINT WARNING * * *
The wizard casts a spell.
The wizard blinks!
Margery casts a spell at you.
The fireball explodes!
The fireball engulfs you!
One of your 3 scrolls of recharging catches fire!
You die...

.... ...# .
##..# #.. #...#
#..##..@#
..§..@#.#
#..@..@(#####.#.
###@#(........
#..c§@(####.##
#.#c##.# #..#.#
...#(# .#..#.#
..#....# ..
....## ### ....#
....#


You could see 2 Margery, 2 hell knights, 2 yaktaurs and a wizard.

Vanquished Creatures
  A minotaur (Lab)
  Josephine (D:11)
  2 hydras
  Erica (D:11)
  4 ogre magi (Orc:4)
  A tengu warrior (D:15)
  4 centaur warriors
  3 wizards (Depths:1)
  3 unseen horrors
  A raven (Depths:1)
  6 hill giants
  2 orc knights (D:15)
  A griffon (shapeshifter) (D:15)
  3 cyclopes
  A griffon (D:14)
  2 manticores
  3 slime creatures (D:11)
  3 elephants (D:11)
  2 black mambas (Lair:1)
  A guardian serpent (D:14)
  5 spiny frogs
  Psyche (Orc:3)
  A naga mage (D:15)
  An efreet (D:14)
  4 yaktaurs
  A gargoyle (D:13)
  An elf (shapeshifter) (D:15)
  Grinder (D:5)
  3 komodo dragons
  A catoblepas zombie (D:11)
  A tengu conjurer (Depths:1)
  5 trolls
  7 blink frogs
  13 two-headed ogres
  A griffon zombie (D:13)
  A wandering mushroom (Lab)
  2 vampires (D:14)
  A fire dragon skeleton (D:15)
  4 hippogriffs
  A trapdoor spider (D:10)
  A basilisk (Lair:3)
  A deep elf mage (D:15)
  A hill giant zombie (D:13)
  19 yaks
  2 hungry ghosts
  2 shadows
  A wraith (D:11)
  10 ugly things
  Grum (D:11)
  2 wyverns
  3 vampire mosquitoes (D:15)
  A steam dragon (D:13)
  2 wargs
  3 soldier ants
  7 water moccasins
  A necrophage (D:7)
  An ogre zombie (D:13)
  4 wolves (D:11)
  17 orc warriors
  A porcupine (Lair:3)
  4 black bears
  6 phantoms
  An ogre skeleton (D:13)
  5 sky beasts
  26 ogres
  9 ice beasts
  16 centaurs
  Sigmund (D:4)
  6 crocodiles
  A brain worm (D:10)
  2 big kobolds
  5 giant slugs
  11 giant frogs
  A cyclops zombie (D:15)
  An earth elemental (Lab)
  A wyvern skeleton (D:10)
  2 cyclops skeletons
  A yak zombie (D:11)
  16 killer bees
  The ghost of Heini the Cudgeler, a weakling MiBe of Trog (D:3)
  An eye of draining (D:15)
  2 scorpions
  2 quasits
  6 crimson imps
  3 goliath beetles
  8 hounds
  9 wights
  A giant frog zombie (D:9)
  16 orc priests
  A black bear skeleton (D:7)
  2 giant frog skeletons
  7 jellies
  A big fish (Lair:2)
  2 centaur skeletons
  3 elf skeletons
  8 iguanas
  31 orc wizards
  7 sheep
  5 worker ants
  Jessica (D:7)
  2 mummies
  A worker ant zombie (D:8)
  10 adders
  A gnoll (D:1)
  12 green rats (Lair:2)
  3 giant mites
  6 shadow imps
  An inept feature mimic (D:6)
  4 worms
  An adder skeleton (D:4)
  An orc zombie (D:9)
  An orc skeleton (D:6)
  A giant eyeball (D:15)
  7 giant geckos
  An ooze (D:1)
  195 orcs
  A bat zombie (D:6)
  12 giant cockroaches
  23 hobgoblins
  36 jackals
  11 quokkas
  13 bats
  4 giant newts
  A giant spore (D:13)
  23 goblins
  A hobgoblin skeleton (D:4)
  A jackal skeleton (D:5)
  22 kobolds
  A kobold skeleton (D:5)
  A quokka skeleton (D:7)
  A quokka zombie (D:3)
  16 rats
  A ballistomycete (D:13)
  2 butterflies (Lair:3)
829 creatures vanquished.

Vanquished Creatures (others)
  A raven (Depths:1)
  An orc priest (D:15)
  A giant spore (D:15)
  15 eldritch tentacle segments (Depths:1)
18 creatures vanquished.

Grand Total: 847 creatures vanquished

Notes
Turn   | Place    | Note
--------------------------------------------------------------
     0 | D:1      | Heini, the Minotaur Berserker, began the quest for the Orb.
     0 | D:1      | Reached XP level 1. HP: 19/19 MP: 1/1
   171 | D:1      | HP: 1/20 [kobold/whip (4)]
   280 | D:1      | HP: 1/20 [kobold/whip (6)]
   466 | D:1      | Reached XP level 2. HP: 16/27 MP: 1/1
   750 | D:1      | Reached skill level 4 in Fighting
   880 | D:1      | Acquired Trog's second power
  1046 | D:1      | Reached XP level 3. HP: 29/33 MP: 2/2
  1707 | D:2      | Reached XP level 4. HP: 31/41 MP: 2/2
  2461 | D:3      | Noticed Heini's ghost (weakling MiBe)
  2470 | D:3      | Killed Heini's ghost
  2470 | D:3      | Reached XP level 5. HP: 47/47 MP: 2/2
  2633 | D:3      | Found a white marble altar of Elyvilon.
  2826 | D:3      | Noticed a centaur
  2835 | D:3      | Killed a centaur
  2835 | D:3      | Reached skill level 5 in Fighting
  2835 | D:3      | Reached skill level 5 in Maces & Flails
  2835 | D:3      | Reached XP level 6. HP: 14/56 MP: 3/3
  3148 | D:4      | Found a shadowy altar of Dithmenos.
  3152 | D:4      | Found a shattered altar of Ashenzari.
  3406 | D:4      | Reached skill level 5 in Armour
  3408 | D:4      | Acquired Trog's third power
  3419 | D:4      | Noticed Sigmund
  3441 | D:4      | Killed Sigmund
  3441 | D:4      | Reached XP level 7. HP: 61/61 MP: 3/3
  3538 | D:4      | Found Critiept's Jewellery Boutique.
  3550 | D:4      | Got a transparent graven amulet
  3763 | D:4      | Found a staircase to the Ecumenical Temple.
  3773 | Temple   | Entered the Ecumenical Temple
  4001 | D:5      | Entered Level 5 of the Dungeon
  4139 | D:5      | Reached skill level 6 in Maces & Flails
  4461 | D:5      | Found Bluwubit's Antique Weapon Emporium.
  4530 | D:5      | Reached skill level 5 in Dodging
  4903 | D:6      | Noticed Grinder
  4952 | D:5      | Reached XP level 8. HP: 38/70 MP: 3/3
  4987 | D:5      | Paralysed by Grinder for 5 turns
  4994 | D:5      | Killed Grinder
  4994 | D:5      | Reached skill level 7 in Maces & Flails
  5283 | D:6      | Found a bloodstained altar of Trog.
  5302 | D:6      | Reached skill level 8 in Maces & Flails
  5629 | D:7      | Reached XP level 9. HP: 72/78 MP: 4/4
  5726 | D:7      | Noticed Jessica
  5727 | D:7      | Found a sparkling altar of Nemelex Xobeh.
  5736 | D:7      | Killed Jessica
  6014 | D:7      | Reached skill level 9 in Maces & Flails
  6539 | D:8      | Found a burning altar of Makhleb.
  6922 | D:8      | Received a gift from Trog
  7327 | D:8      | Reached skill level 10 in Maces & Flails
  7823 | D:8      | Reached XP level 10. HP: 59/88 MP: 4/4
  8371 | D:9      | Reached skill level 10 in Armour
  8559 | D:10     | Entered Level 10 of the Dungeon
  8734 | D:10     | Reached skill level 11 in Maces & Flails
  8989 | D:10     | Reached skill level 1 in Evocations
  9313 | D:10     | Received a gift from Trog
  9448 | D:10     | Reached skill level 12 in Maces & Flails
  9992 | D:10     | Noticed a hill giant
  9996 | D:10     | Killed a hill giant
 10028 | D:10     | Reached XP level 11. HP: 96/99 MP: 6/6
 10453 | D:11     | Found a staircase to the Lair.
 10473 | D:11     | Reached skill level 10 in Fighting
 10558 | D:11     | Noticed Josephine
 10576 | D:11     | Killed Josephine
 10576 | D:11     | Reached skill level 13 in Maces & Flails
 11058 | D:11     | Noticed Grum
 11059 | D:11     | Noticed Erica
 11071 | D:11     | Killed Grum
 11080 | D:11     | Killed Erica
 11118 | D:11     | Found a staircase to the Orcish Mines.
 11122 | Orc:1    | Entered Level 1 of the Orcish Mines
 11197 | Lair:1   | Entered Level 1 of the Lair of Beasts
 11774 | Lair:1   | Reached skill level 14 in Maces & Flails
 11911 | Lair:1   | Received a gift from Trog
 12446 | Lair:2   | Reached XP level 12. HP: 93/110 MP: 7/7
 13409 | Lair:3   | Found a labyrinth entrance.
 13421 | Lab      | Entered a labyrinth
 14786 | Lab      | Noticed a minotaur
 14797 | Lab      | Killed a minotaur
 14816 | Lab      | Got a scintillating marble ring
 14855 | Lair:3   | Reached skill level 15 in Maces & Flails
 15461 | Lair:3   | Noticed a five-headed hydra
 15472 | Lair:3   | Killed a five-headed hydra
 15735 | Orc:1    | Received a gift from Trog
 16010 | Orc:1    | Received a gift from Trog
 16469 | Orc:2    | Identified a +4 rod of ignition (11/11) (You took it off a minotaur in a labyrinth)
 17066 | Orc:3    | Received a gift from Trog
 17309 | Orc:3    | Noticed Psyche
 17318 | Orc:3    | Killed Psyche
 17408 | Orc:3    | Received a gift from Trog
 17710 | Orc:4    | Entered Level 4 of the Orcish Mines
 17710 | Orc:4    | Found Shuprec's Book Emporium.
 18009 | Orc:4    | Noticed an ogre mage
 18016 | Orc:4    | Received a gift from Trog
 18031 | Orc:4    | Reached skill level 16 in Maces & Flails
 18042 | Orc:4    | Killed an ogre mage
 18049 | Orc:4    | Noticed an ogre mage
 18066 | Orc:4    | Reached XP level 13. HP: 97/119 MP: 7/7
 18079 | Orc:4    | Found Chibangee's Food Boutique.
 18079 | Orc:4    | Found Araimn's Weapon Emporium.
 18079 | Orc:4    | Found Wiaq's Jewellery Emporium.
 18079 | Orc:4    | Found Pocakuh's Weapon Shop.
 18186 | Orc:4    | Killed an ogre mage
 19158 | D:12     | Received a gift from Trog
 19540 | D:12     | Reached skill level 17 in Maces & Flails
 20037 | D:13     | Received a gift from Trog
 21124 | D:13     | Identified the ring of Rall {+Fly rC+} (You found it in a labyrinth)
 21406 | D:14     | Found a gate to the Vaults.
 21504 | D:14     | Reached skill level 18 in Maces & Flails
 22071 | D:14     | Reached XP level 14. HP: 122/132 MP: 7/7
 22213 | D:14     | Upgraded the game from 0.14-b1-39-gdb6f4b2 to 0.14-b1-45-gfd36cc2
 22239 | D:15     | Entered Level 15 of the Dungeon
 22345 | D:15     | Found a staircase to the Depths.
 22372 | D:15     | Paralysed by a giant eyeball for 3 turns
 22405 | D:15     | Paralysed by a giant eyeball for 2 turns
 23481 | D:15     | Received a gift from Trog
 23831 | Depths:1 | Entered Level 1 of the Depths
 24428 | Depths:1 | Noticed Margery
 24438 | Depths:1 | Killed from afar by Margery (illusionary)

Action                   |  1- 3 |  4- 6 |  7- 9 | 10-12 | 13-15 || total
-------------------------+-------+-------+-------+-------+-------++-------
Melee: Mace              |    94 |   117 |    64 |       |       ||   275
       Flail             |       |       |   360 |    13 |       ||   373
       Morningstar       |       |       |       |   476 |       ||   476
       Great mace        |       |       |       |   515 |   528 ||  1043
Throw: Stone             |       |       |       |    13 |       ||    13
Invok: Berserk           |     1 |     2 |     7 |     7 |     6 ||    23
       Burn Spellbooks   |       |     1 |     3 |     3 |     1 ||     8
Evoke: Wand              |       |     1 |       |    10 |     2 ||    13
  Use: Scroll            |     2 |       |    13 |    13 |     9 ||    37
       Potion            |       |       |     2 |       |     2 ||     4
